 Dungeon Crawl Stone Soup version 0.18.1-48-g4cf74bf (webtiles) character file.

65 Jerry the Chiller (level 3, -8/24 HPs)
             Began as a Demonspawn Ice Elementalist on June 27, 2016.
             Mangled by Sigmund
             ... wielding a +0 scythe of venom
              (12 damage)
             ... on level 2 of the Dungeon.
             The game lasted 00:09:44 (2009 turns).

Jerry the Chiller (Demonspawn Ice Elementalist)     Turns: 2009, Time: 00:09:45

Health: -8/24      AC:  3    Str:  8    XL:     3   Next: 92%
Magic:  7/7        EV:  7    Int: 17    God:
Gold:   119        SH:  0    Dex: 13    Spells: 1 memorised, 7 levels left

rFire  . . .     SeeInvis .     f - +0 short sword (venom)
rCold  + . .     Gourm    .     a - +0 robe
rNeg   . . .     Faith    .     (no shield)
rPois  .         Spirit   .     (no helmet)
rElec  .         Dismiss  .     (no cloak)
rCorr  .         Reflect  .     (no gloves)
SustAt .         Harm     .     (no boots)
MR     .....                    (no amulet)
Stlth  ++........               (no ring)
                                e - ring of protection from cold (curse)

@: lethally poisoned (-8 -> -34), not resistant to hostile enchantments,
unstealthy
A: rugged brown scales 1
a: no special abilities


You were on level 2 of the Dungeon.
You were near starving.

You visited 1 branch of the dungeon, and saw 2 of its levels.

You collected 119 gold pieces.

Inventory:

Hand Weapons
 f - a +0 short sword of venom (weapon)
Missiles
 k - 82 stones (quivered)
Armour
 a - a +0 robe (worn)
Jewellery
 e - a cursed ring of protection from cold (left hand)
Wands
 l - a wand of hasting (4/9)
Scrolls
 j - 4 scrolls of identify
 m - a scroll of remove curse {unknown}
 n - 2 scrolls of blinking {unknown}
Potions
 d - a potion of berserk rage {unknown}
 o - a potion of flight {unknown}
 p - a potion of curing {unknown}
Books
 b - a book of Frost

   Spells                             Type                      Level
   a - Freeze                         Ice                          1
   b - Throw Frost                    Conjuration/Ice              2
   c - Ozocubu's Armour               Charms/Ice                   3
   d - Throw Icicle                   Conjuration/Ice              4
   e - Summon Ice Beast               Ice/Summoning                4
Comestibles
 c - a bread ration
 g - 2 beef jerkies
 h - 3 fruits
 i - a slice of pizza


   Skills:
 - Level 1.7 Dodging
 - Level 1.7 Stealth
 + Level 3.2 Spellcasting
   Level 1.0 Conjurations
 + Level 3.5 Ice Magic


You had 7 spell levels left.
You knew the following spells:

 Your Spells              Type           Power        Failure   Level  Hunger
a - Freeze                Ice            ##..         4%          1    None


Dungeon Overview and Level Annotations

Branches:
Dungeon (2/15)

Altars:

Annotations:
D:2 Sigmund


Innate Abilities, Weirdness & Mutations

You are partially covered in rugged brown scales (AC +1, +3% HP).


Message History

Sigmund gestures at you while chanting. You resist with significant effort.
Unknown command.
Sigmund casts a spell.
Sigmund flickers and vanishes!
Deactivating autopickup; reactivate with Ctrl-A.
Something hits you.
You are poisoned.
You feel less confused.
You feel sick. Something hits you!
You are lethally poisoned!
You feel sick.
You feel sick. Something hits you.
* * * LOW HITPOINT WARNING * * *
You are more poisoned.
There is a stone staircase leading up here.
* * * LOW HITPOINT WARNING * * *
You feel sick. Something hits you!
Ouch! That really hurt!
You die...

........#[...#.###..#......# #.#
.............#......#.#.######.#
......#.###..#####...........#.#
......#...#....).......#.###.#.#
......###.#.#................#.#
..........#.#.##########.#####.#
....#.#####.#.#..#)..........#.#
..........#.#.#....#####.....#.#
#####..##.#.#@#.@..# #.###.#.#
....##.##.#.#.#....#####.......#
###.##..#.#.#.#..{w..#.......###
#.###.#.#.#.####.#.#.#######
###'#.....#.#.# #.#.......#
#.....#..##.#.# #.#.#.###.#
#.....##.##.#.####w###.....#
#.....#.....#........#######
#.....#.#.#.#......#.#


You could see a worm.

Vanquished Creatures
  An adder (D:2)
  An ooze (D:1)
  2 giant geckos (D:1)
  5 bats
  2 giant cockroaches (D:1)
  3 goblins
  6 hobgoblins
  2 jackals (D:2)
  2 quokkas (D:2)
  3 giant newts
  10 kobolds
  11 rats
48 creatures vanquished.

Notes
Turn   | Place    | Note
--------------------------------------------------------------
     0 | D:1      | Jerry the Demonspawn Ice Elementalist began the quest for the Orb.
     0 | D:1      | Reached XP level 1. HP: 13/13 MP: 3/3
   177 | D:1      | Gained mutation: You are partially covered in rugged brown scales (AC +1, +3% HP). [demonic ancestry]
   177 | D:1      | Reached XP level 2. HP: 4/19 MP: 1/5
   745 | D:1      | Reached XP level 3. HP: 19/24 MP: 7/7
  1600 | D:2      | Noticed Sigmund
  2009 | D:2      | Mangled by Sigmund

Skill      XL: |  1  2  3 |
---------------+----------+-----
Ice Magic      | 3 |  3.5
Spellcasting   | 3 |  3.2
Dodging        | |  1.7
Stealth        | |  1.7
Conjurations   | |  1.0

Action                   || total
-------------------------++-------
Melee: Short sword       ||   110
       Dagger            ||     1
 Cast: Freeze            ||    13
  Use: Scroll            ||     2
 Stab: Sleeping          ||     4
  Eat: Chunk             ||     2
Armor: Robe              ||    55
Dodge: Dodged            ||   122
